 Dungeon Crawl Stone Soup version 0.21.1-77-g46dbe93 (webtiles) character file.

333 mopl the Caller (level 6, -3/41 HPs)
             Began as a Mummy Summoner on Sept 4, 2018.
             Slain by an iron imp (5 damage)
             ... summoned by Eustachio
             ... on level 4 of the Dungeon on Sept 5, 2018.
             The game lasted 00:08:59 (6242 turns).

mopl the Caller (Mummy Summoner)                    Turns: 6242, Time: 00:09:00

Health: -3/41      AC:  3    Str: 11      XL:     6   Next: 27%
Magic:  3/13       EV: 12    Int: 17      God:
Gold:   277        SH:  0    Dex:  9 (12) Spells: 0/14 levels left

rFire    x . .     SeeInvis .   a - -3 spear (curse)
rCold    + . .     Gourm    .   (no shield)
rNeg     + + +     Faith    .   k - +0 robe
rPois    ∞         Spirit   .   q - +0 helmet
rElec    .         Reflect  .   (no cloak)
rCorr    .         Harm     .   (no gloves)
MR       .....                  (no boots)
Stlth    ++........             (no amulet)
HPRegen  0.13/turn              (no ring)
MPRegen  0.13/turn              (no ring)

@: no status effects
A: no food or potions, fire vulnerability, cold resistance 1, negative energy
resistance 3, torment resistance, unbreathing
a: no special abilities


You were on level 4 of the Dungeon.
You were not hungry.

You visited 1 branch of the dungeon, and saw 4 of its levels.

You collected 277 gold pieces.

Inventory:

Hand Weapons
 a - a cursed -3 spear (weapon)
 b - a +0 hunting sling
 j - a +0 trident
 l - a +0 halberd
Missiles
 d - 161 stones (quivered)
 h - 36 sling bullets
 i - 15 poisoned needles
Armour
 k - a +0 robe (worn)
 m - a +0 buckler
 q - a +0 helmet (worn)
Wands
 o - a wand of digging (10)
Scrolls
 e - a scroll of fear
 f - 2 scrolls of teleportation
 g - 4 scrolls of identify
 n - a scroll of immolation
 p - a scroll of magic mapping
Books
 c - a book of Callings

   Spells                             Type                      Level
   a - Summon Small Mammal            Summoning                    1
   b - Call Imp                       Summoning                    2
   c - Call Canine Familiar           Summoning                    3
   d - Summon Guardian Golem          Hexes/Summoning              3
   e - Summon Lightning Spire         Summoning/Air                4
   f - Summon Ice Beast               Ice/Summoning                4


   Skills:
 - Level 1.5 Dodging
 - Level 1.5 Stealth
 + Level 4.9 Spellcasting
 * Level 5.2 Summonings
 + Level 1.3 Ice Magic
 + Level 0.3 Air Magic


You couldn't memorise any spells.
You knew the following spells:

 Your Spells              Type           Power        Failure   Level  Hunger
a - Summon Small Mammal   Summ           ###.         1%          1    N/A
b - Call Imp              Summ           ###.....     2%          2    N/A
c - Call Canine Familiar  Summ           ###.....     4%          3    N/A
d - Summon Ice Beast      Ice/Summ       ###.....     36%         4    N/A
f - Summon Lightning Spi  Summ/Air       ##......     41%         4    N/A

Dungeon Overview and Level Annotations

Branches:
Dungeon (4/15)
 Temple: D:4-7

Altars:
Dithmenos

Annotations:
D:4 Eustachio


Innate Abilities, Weirdness & Mutations

You do not eat or drink.
Your flesh is vulnerable to fire.
You are immune to poison.
Your flesh is cold resistant. (rC+)
You are immune to negative energy. (rN+++)
You are immune to unholy pain and torment.
You can survive without breathing.


Message History

Unknown command.
You closely miss the bat.
Your ice beast disappears in a puff of smoke!
The bat misses you. The bat closely misses you.
The quokka barely misses something.
The iron imp hits you but does no damage.
The bat barely misses you.
The quokka barely misses something.
Unknown command.
You closely miss the bat. The bat misses you. The bat hits you.
* * * LOW HITPOINT WARNING * * *
The quokka bites something.
The iron imp barely misses you.
You miss the bat. The bat hits you.
* * * LOW HITPOINT WARNING * * *
The quokka closely misses something.
The iron imp barely misses you.
Unknown command.
You closely miss the bat. The bat hits you but does no damage.
The bat barely misses you.
The quokka misses something.
The iron imp shouts, "Quit, thou gleeking crook-pated wastrel!"
The iron imp hits you.
You die...

#.# #.##.##.# #.#
#.##.##.# #.#
#########.......# #.#
# ..#.......#.####
#.###.####.#.#...#.#.#
#......5.#.#.#.#.#.#.#
### # #.5r..........#
#.####5#.#####.###
#...b@.#.#####.#
########.......#
#########


You could see an iron imp, a quokka and a bat.

Vanquished Creatures
  A hound (D:2)
  2 gnolls (D:2)
  2 adders (D:2)
  An ooze (D:4)
  2 worms (D:2)
  A dart slug (D:2)
  2 leopard geckos (D:1)
  2 orcs
  2 giant cockroaches (D:3)
  9 goblins
  5 hobgoblins
  8 jackals (D:2)
  3 kobolds
  2 quokkas (D:2)
  6 bats
  A frilled lizard (D:2)
  22 rats
71 creatures vanquished.

Vanquished Creatures (collateral kills)
  The ghost of Aliochah the Poker, an amateur MfGl (D:3)
  2 hounds (D:4)
  An iguana (D:4)
  An orc wizard (D:3)
  2 worker ants
  Robin (D:4)
  A gnoll (D:2)
  5 adders
  2 worms
  3 orcs (D:3)
  4 goblins
  4 hobgoblins
  A jackal (D:2)
  2 bats (D:1)
  A frilled lizard (D:2)
  A kobold (D:3)
  2 rats (D:3)
34 creatures vanquished.

Grand Total: 105 creatures vanquished

Notes
Turn   | Place    | Note
-------+----------+-------------------------------------------
     0 | D:1      | mopl the Mummy Summoner began the quest for the Orb.
     0 | D:1      | Reached XP level 1. HP: 13/13 MP: 4/4
   159 | D:1      | Reached skill level 3 in Spellcasting
   235 | D:1      | Reached XP level 2. HP: 19/19 MP: 6/6
   239 | D:1      | Learned a level 2 spell: Call Imp
   877 | D:2      | Reached XP level 3. HP: 24/24 MP: 7/7
   887 | D:2      | Reached skill level 4 in Summonings
  1021 | D:2      | Learned a level 3 spell: Call Canine Familiar
  1131 | D:2      | Reached XP level 4. HP: 8/30 MP: 3/9
  1716 | D:2      | Reached skill level 4 in Spellcasting
  2464 | D:2      | Reached XP level 5. HP: 35/35 MP: 11/11
  2472 | D:2      | Learned a level 4 spell: Summon Ice Beast
  3340 | D:3      | Noticed Aliochah's ghost (amateur MfGl)
  3558 | D:3      | Killed Aliochah's ghost
  3558 | D:3      | Reached skill level 5 in Summonings
  4011 | D:3      | Found a shadowy altar of Dithmenos.
  4189 | D:3      | Reached skill level 1 in Ice Magic
  4724 | D:4      | Reached XP level 6. HP: 41/41 MP: 6/13
  4730 | D:4      | Learned a level 4 spell: Summon Lightning Spire
  5235 | D:4      | Noticed Robin
  5292 | D:4      | Killed Robin
  5403 | D:4      | Noticed Eustachio
  6234 | D:4      | HP: 2/41 [river rat[Eustachio] (5)]
  6240 | D:4      | HP: 2/41 [bat[Eustachio] (1)]
  6242 | D:4      | Slain by an iron imp

Skill      XL: |  1  2  3  4  5 |
---------------+----------------+-----
Spellcasting   | 3 4 |  4.9
Summonings     | 4 5 |  5.2
Ice Magic      | 1 |  1.3
Dodging        | |  1.5
Stealth        | |  1.5
Air Magic      | |  0.3

Action                   |  1- 3 |  4- 6 || total
-------------------------+-------+-------++-------
Melee: Unarmed           |    15 |       ||    15
       Spear             |       |   230 ||   230
 Fire: Hunting sling     |    88 |   144 ||   232
 Cast: Summon Small Mamm |     3 |       ||     3
       Call Imp          |     2 |    28 ||    30
       Call Canine Famil |     1 |    21 ||    22
       Summon Ice Beast  |       |     2 ||     2
  Use: Scroll            |       |     4 ||     4
 Stab: Sleeping          |     1 |     1 ||     2
       Distracted        |       |     2 ||     2
Armor: Robe              |    23 |    60 ||    83
Dodge: Dodged            |    49 |   246 ||   295
